 Dungeon Crawl Stone Soup version 0.27.1-1-g398f81649c (webtiles) character file.

Game seed: 17507377300073990864

2468 ZARRMARR the Destroyer (level 9, 0/53 HPs)
             Began as an Octopode Conjurer on Sept 10, 2021.
             Was a Follower of Sif Muna.
             Succumbed to a hornet's poison
             ... on level 7 of the Dungeon.
             The game lasted 00:29:40 (9514 turns).

ZARRMARR the Destroyer (Octopode Conjurer)          Turns: 9514, Time: 00:29:40

Health: 0/53       AC:  1    Str:  6    XL:     9   Next: 51%
Magic:  25/30      EV: 13    Int: 23    God:    Sif Muna [*.....]
Gold:   308        SH:  0    Dex: 11    Spells: 21/24 levels left

rFire    + . .     SeeInvis .   s - staff of cold
rCold    + . .     Faith    .   (no shield)
rNeg     . . .     Spirit   .   (helmet restricted)
rPois    .         Reflect  .   (no amulet)
rElec    .         Harm     .   f - ring of willpower
rCorr    .         Rampage  .   l - ring of magical power
Will     +....                  r - ring of protection from fire
Stlth    +++.......             (no ring)
HPRegen  0.17/turn              (no ring)
MPRegen  0.22/turn              (no ring)
                                (no ring)
                                (no ring)

@: lethally poisoned (0 -> -8), hasted and slowed
A: almost no armour, amphibious, 8 rings, camouflage 1, gelatinous body 1,
(nimble swimmer 1), tentacles
a: Renounce Religion, Channel Magic


You were on level 7 of the Dungeon.
You worshipped Sif Muna.
Sif Muna was aware of your devotion.
You visited 2 branches of the dungeon, and saw 8 of its levels.

You collected 308 gold pieces.

Inventory:

Magical Staves
 s - a staff of cold (weapon)
Jewellery
 f - a ring of willpower (left tentacle)
 i - a ring of ice
 l - a ring of magical power (right tentacle)
 r - a ring of protection from fire (on tentacle)
Wands
 h - a wand of flame (17)
Scrolls
 b - 3 scrolls of enchant weapon
 c - a scroll of brand weapon
 d - a scroll of magic mapping
 e - a scroll of summoning {unknown}
 o - a scroll of enchant armour {unknown}
 p - a scroll of noise {unknown}
 q - a scroll of fog {unknown}
Potions
 a - 2 potions of haste
 g - a potion of curing
 j - 2 potions of resistance {unknown}
 k - 2 potions of heal wounds {unknown}
 m - a potion of berserk rage {unknown}
 n - a potion of lignification {unknown}


   Skills:
 + Level 1.1 Fighting
 + Level 2.4 Dodging
 + Level 3.4 Stealth
 + Level 8.2 Spellcasting
 - Level 9.5 Conjurations
 + Level 1.1 Ice Magic


You had 21 spell levels left.
You knew the following spells:

 Your Spells              Type           Power      Damage    Failure   Level
a - Magic Dart            Conj           100%       1d8       1%          1
b - Searing Ray           Conj           100%       3d7       1%          2

Your spell library contained the following spells:

 Spells                   Type           Power      Damage    Failure   Level
 Dazzling Flash           Conj/Hex       62%        N/A       3%          3
 Sandblast                Erth           18%        2d7       7%          1
 Fulminant Prism          Conj/Hex       15%        3d11      10%         4
 Iskenderun's Mystic Bla  Conj/Tloc      31%        2d8       10%         4
 Passwall                 Tmut/Erth      7%         N/A       11%         2
 Ozocubu's Armour         Ice            22%        N/A       13%         3
 Lee's Rapid Deconstruct  Erth           4%         3d6*      88%         5
 Ozocubu's Refrigeration  Ice            11%        4d7       100%        7


Dungeon Overview and Level Annotations

Branches:
Dungeon (7/15)             Temple (1/1) D:5

Altars:
Ashenzari
Cheibriados
Dithmenos
Elyvilon
Fedhas
Gozag
Hepliaklqana
Kikubaaqudgha
Makhleb
Nemelex Xobeh
Okawaru
Qazlal
Ru
Sif Muna
Trog
Uskayaw
Vehumet
Wu Jian
Xom
Yredelemnul
Zin
The Shining One

Shops:
D:1 *

Annotations:
D:4 2 runed translucent doors, ZARRMARR's ghost, amateur OpMo
D:6 exclusion: 2 downstairs


Innate Abilities, Weirdness & Mutations

You cannot wear most types of armour.
You are amphibious.
You can wear up to eight rings at the same time.
Your skin changes colour to match your surroundings (Stealth+).
Your rubbery body absorbs attacks. (AC +1, EV +1)
((You are camouflaged near water. (Stealth+)))
You have tentacles for arms and can constrict up to eight enemies at once.


Message History

Aiming: Searing Ray (safe; 1% risk of failure)
Press: ? - help, Shift-Dir - straight line, p - hornet The searing ray hits the hornet!
The hornet is severely wounded. (Press . to maintain the ray.)
You feel yourself speed up. The hornet stings you!
You feel yourself slow down. The hornet stings you!
You are poisoned.
You feel as though you will be slow longer.
A hornet is nearby!
You feel better. The hornet stings you!
* * * LOW HITPOINT WARNING * * *
You feel as though you will be slow longer.
The hornet stings you.
* * * LOW HITPOINT WARNING * * *
You are lethally poisoned!
You feel as though you will be slow longer.
The hornet stings you.
* * * LOW HITPOINT WARNING * * *
You are more poisoned.
You suddenly lose the ability to move!
You can move again.
You feel better.
The hornet stings you but does no damage.
The hornet stings you.
* * * LOW HITPOINT WARNING * * *
You are lethally poisoned!
You feel as though you will be slow longer.
It was a potion of haste.
You feel yourself speed up.
* * * LOW HITPOINT WARNING * * *
You feel very sick. The hornet stings you.
* * * LOW HITPOINT WARNING * * *
You feel as though you will be slow longer.
The hornet closely misses you.
Unknown command.
Casting: Searing Ray (safe; 1% risk of failure)
Confirm with . or Enter, or press ? or * to list all spells.
You don't know that spell.
You die...

## .# .# .# .#
.# ######y#
#....@.# #####
#.######
##...# #.#
§.§..# #.#
.....# #.#
≈≈≈§.# #.#
§≈§..# #.#
§..8.#######.#
≈§.§..##.....#


You could see a hornet.

Vanquished Creatures
  Grinder (D:3)
  A water moccasin (D:6)
  2 sky beasts
  A black bear (D:6)
  A necrophage (D:4)
  2 ice beasts (D:5)
  An orc warrior (D:6)
  A centaur (D:5)
  2 ogres
  A phantom (D:4)
  2 scorpions
  A water moccasin skeleton (D:5)
  3 wights (D:6)
  An electric eel (D:6)
  A centaur zombie (D:6)
  6 hounds
  A bullfrog zombie (D:6)
  A centaur skeleton (D:6)
  3 jellies
  An orc priest (D:4)
  3 iguanas
  5 orc wizards
  4 gnolls (D:2)
  11 adders
  A howler monkey skeleton (D:5)
  A shadow imp (D:6)
  3 white imps
  2 adder skeletons
  3 worms
  5 dart slugs
  14 orcs
  8 endoplasms
  4 giant cockroaches
  A goblin (D:3)
  5 hobgoblins
  7 jackals
  6 quokkas
  7 ball pythons
  10 bats
  A frilled lizard (D:1)
  5 kobolds
  4 rats
143 creatures vanquished.

Notes
Turn   | Place    | Note
-------+----------+-------------------------------------------
     0 | D:1      | ZARRMARR the Octopode Conjurer began the quest for the Orb.
     0 | D:1      | Reached XP level 1. HP: 11/11 MP: 3/3
   480 | D:1      | Reached XP level 2. HP: 17/17 MP: 0/5
   689 | D:1      | Found a faded altar of an unknown god.
   995 | D:1      | Found Dacu's General Store.
  1210 | D:2      | Reached XP level 3. HP: 21/21 MP: 0/7
  1851 | D:2      | Reached XP level 4. HP: 27/27 MP: 5/8
  2284 | D:2      | Reached skill level 5 in Conjurations
  2526 | D:2      | Reached XP level 5. HP: 31/31 MP: 0/10
  2987 | D:2      | Learned a level 2 spell: Searing Ray
  3745 | D:3      | Noticed Grinder
  3998 | D:4      | Noticed a phantom
  4366 | D:4      | Reached XP level 6. HP: 36/36 MP: 6/12
  4496 | D:4      | Found a runed translucent door.
  4507 | D:4      | Noticed ZARRMARR's ghost (amateur OpMo)
  4687 | D:4      | Noticed a necrophage
  4692 | D:4      | Killed a necrophage
  4693 | D:4      | Reached skill level 6 in Conjurations
  4931 | D:4      | Reached XP level 7. HP: 41/41 MP: 2/14
  5116 | D:4      | Found a runed translucent door.
  5505 | D:3      | Paralysed by Grinder for 2 turns
  5509 | D:3      | Killed Grinder
  5510 | D:3      | Reached skill level 5 in Spellcasting
  5877 | D:4      | Reached skill level 7 in Conjurations
  5957 | D:5      | Entered Level 5 of the Dungeon
  6065 | D:5      | Reached XP level 8. HP: 40/46 MP: 12/17
  6426 | D:5      | Reached skill level 8 in Conjurations
  7140 | D:5      | Found a staircase to the Ecumenical Temple.
  7152 | Temple   | Entered the Ecumenical Temple
  7277 | Temple   | Became a worshipper of Sif Muna the Loreminder
  7615 | D:6      | Reached XP level 9. HP: 51/51 MP: 16/20
  7854 | D:6      | Reached skill level 9 in Conjurations
  8143 | D:6      | Reached * piety under Sif Muna
  8251 | D:6      | Found a snail-covered altar of Cheibriados.
  9422 | D:7      | Found a burning altar of Makhleb.
  9455 | D:7      | Reached skill level 1 in Fighting
  9455 | D:7      | Reached skill level 1 in Ice Magic
  9505 | D:7      | Noticed a hornet
  9511 | D:7      | Paralysed by a hornet for 1 turns
  9513 | D:7      | HP: 1/53 [hornet (3)]
  9514 | D:7      | Succumbed to a hornet's poison

Illustrated notes

Levels and vault maps discovered:
D:1:      psy_arrival_terrarium, layout_basic,
          dreamdust_ecumenical_altar_hidden_monk_grotto, serial_shops,
          nicolae_shop_temple_entry_statues_fountains, grunt_decor_resistance,
          lemuel_old_faithful
D:2:      layout_basic
D:3:      layout_loops_cross, kennysheep_generic_room_9, uniq_grinder
D:4:      cheibrodos_pilgrimage, layout_basic, ebering_ghost_sewer_f,
          eino_small_chamber_without_monster
D:5:      layout_loops_ring, temple_statues
D:6:      layout_cave_pods, slow_altar_1, dk_noncrumbling_2, fountainhead
D:7:      layout_loops_ring, mainiacjoe_overflow_catwalk, uniq_joseph
Temple:   regret_index_temple_chain_breaker

Skill      XL: |  1  2  3  4  5  6  7  8  9 |
---------------+----------------------------+-----
Spellcasting   | 3 4 6 7 8 |  8.2
Conjurations   | 5 6 7 8 9 |  9.5
Stealth        | 3 |  3.4
Fighting       | 1 |  1.1
Ice Magic      | 1 |  1.1
Dodging        | |  2.4

Action                   |  1- 3 |  4- 6 |  7- 9 || total
-------------------------+-------+-------+-------++-------
Melee: Unarmed           |    23 |    16 |     4 ||    43
       Constrict         |     8 |     4 |     1 ||    13
       Tentacles         |     4 |     1 |       ||     5
 Cast: Magic Dart        |    62 |    94 |    62 ||   218
       Searing Ray       |       |    24 |    61 ||    85
  Use: Scroll            |     2 |     4 |     1 ||     7
       Potion            |       |       |     3 ||     3
Armor: Skin              |     5 |     3 |     3 ||    11
Dodge: Dodged            |    23 |    22 |    16 ||    61
